 Dungeon Crawl Stone Soup version 0.30-a0-219-gf2db51d15e (webtiles) character file.

Game seed: 6075702942369354252

392 Ijustatesigmund the Trooper (level 6, -3/41 HPs)
             Began as a Gargoyle Fighter on Oct 7, 2022.
             Slain by a hound (5 damage)
             ... on level 4 of the Dungeon.
             The game lasted 00:05:17 (2228 turns).

Ijustatesigmund the Trooper (Gargoyle Fighter)      Turns: 2228, Time: 00:05:18

Health: -3/41      AC:  9    Str: 22    XL:     6   Next: 81%
Magic:  6/6        EV: 10    Int:  8    God:
Gold:   130        SH:  6    Dex: 15    Spells: 5/5 levels left

rFire   . . .      SeeInvis .    l - +10 falchion of Objectivity {drain, rC+ rCorr}
rCold   + . .      Faith    .    c - +1 buckler
rNeg    + . .      Spirit   .    b - +0 troll leather armour {Pargi}
rPois   ∞          Reflect  .    (no helmet)
rElec   +          Harm     .    (no cloak)
rCorr   +          Rampage  .    (no gloves)
Will    .....                    (no boots)
Stlth   +.........               (no amulet)
HPRegen 1.06/turn                k - +6 ring of dexterity
MPRegen 0.10/turn                (no ring)

@: no status effects
A: sickness immunity, AC +4, negative energy resistance 1, electricity
resistance, torment resistance 1, petrification resistance
a: no special abilities


You were on level 4 of the Dungeon.
You visited 1 branch of the dungeon, and saw 4 of its levels.

You collected 167 gold pieces.
You spent 37 gold pieces at shops.

Inventory:

Hand Weapons
 a - a +0 flail
 l - the +10 falchion of Objectivity (weapon) {drain, rC+ rCorr}
   (You found it on level 2 of the Dungeon)

   A truly terrible weapon, it drains the life of any living foe it strikes.
   rC:        It protects you from cold.
   rCorr:     It protects you from acid and corrosion.
Missiles
 j - 8 poisoned darts (quivered)
Armour
 b - a +0 troll leather armour (worn) {Pargi}
 c - a +1 buckler (worn)
Jewellery
 k - a +6 ring of dexterity (left hand)
 t - a ring of see invisible
Wands
 w - a wand of flame (18)
Scrolls
 g - a scroll of teleportation
Potions
 d - a potion of might
 f - 4 potions of magic
 h - a potion of mutation
 i - a potion of flight {unknown}
 m - a potion of resistance {unknown}
 n - a potion of attraction {unknown}
 p - a potion of invisibility {unknown}
 r - a potion of curing {unknown}
 s - a potion of lignification {unknown}


   Skills:
 + Level 5.9 Fighting
 + Level 4.8 Maces & Flails
 + Level 4.2 Armour
 - Level 3.2 Shields


You had 5 spell levels left.
You didn't know any spells.
Your spell library contained the following spells:

 Spells                   Type           Power      Damage    Failure   Level
 Animate Armour           Summ/Erth      0%         N/A       100%        4
 Blade Hands              Tmut           0%         N/A       100%        5
 Iron Shot                Conj/Erth      0%         9d1       100%        6


Dungeon Overview and Level Annotations

Branches:
Dungeon (4/15)
 Temple: D:4-7

Altars:

Shops:
D:1 (?*[!


Innate Abilities, Weirdness & Mutations

You are immune to sickness and miasma.
Your stone body is resilient. (AC +4)
You are immune to poison.
You resist negative energy. (rN+)
You are resistant to electric shocks. (rElec)
You are resistant to unholy torment.
You are immune to petrification.


Message History

The hound is engulfed in a cloud of scalding steam.
The hound bites you but does no damage.
The steam dragon bites you but does no damage.
The steam dragon barely misses you.
The orc priest miscasts a cantrip.
The hound is engulfed in a cloud of scalding steam.
You block the hound's attack.
You hit the steam dragon but do no damage.
The steam dragon is heavily wounded.
The steam dragon breathes steam at you. The ball of steam hits you.
An orc comes into view. It is wielding a +0 dagger.
You block the hound's attack.
You hear an angry hiss.
You feel much better.
You are engulfed in a cloud of scalding steam.
The hound is engulfed in a cloud of scalding steam.
The hound bites you. The steam dragon barely misses you.
You block the steam dragon's attack.
The orc priest hits you but does no damage.
The hound is engulfed in a cloud of scalding steam.
The hound bites you.
You hit the steam dragon.
The steam dragon is severely wounded.
You are engulfed in a cloud of scalding steam.
The hound misses you. The steam dragon bites you.
The steam dragon claws you but does no damage.
The orc priest hits you but does no damage.
You block the hound's attack.
The orc priest hits you but does no damage.
The steam dragon breathes steam at you. The ball of steam hits you!
You hit the steam dragon.
The steam dragon is severely wounded.
You are engulfed in a cloud of scalding steam.
* * * LOW HITPOINT WARNING * * *
The hound bites you but does no damage. You block the orc priest's attack.
The steam dragon barely misses you. The steam dragon completely misses you.
The hound bites you.
You die...

###.. .....# ...#. ..
... ... #.. #####
....###.##### #...#
.....oo.o...# #.8.#
.....looh.§.###...####
..#####D@.§.§........#
#####.§......<(#
#..........#
#..)....####
..........#
#.>........#
#............
####...###.⌠. #.8.
#....


You could see a steam dragon (catching breath, drained), an iguana, a hound, an
orc priest, an orc wizard and 3 orcs.

Vanquished Creatures
  A black bear (D:4)
  Pargi (D:3)
  A scorpion (D:3)
  An orc priest (D:3)
  Ijyb (D:3)
  A gnoll (D:2)
  4 adders
  A worm (D:2)
  2 orcs (D:3)
  3 ball pythons
  6 bats
  4 endoplasms
  A giant cockroach (D:2)
  4 goblins
  7 hobgoblins
  2 jackals (D:2)
  3 kobolds
  A quokka (D:2)
  A frilled lizard (D:2)
  3 rats
48 creatures vanquished.

Notes
Turn   | Place    | Note
-------+----------+-------------------------------------------
     0 | D:1      | Ijustatesigmund the Gargoyle Fighter began the quest for
                  | the Orb.
     0 | D:1      | Reached XP level 1. HP: 14/14 MP: 1/1
    65 | D:1      | Found Gufokh's Assorted Antiques.
    97 | D:1      | Found Zole's Antique Weapon Emporium.
   137 | D:1      | Reached XP level 2. HP: 11/19 MP: 2/2
   201 | D:1      | Found a faded altar of an unknown god.
   249 | D:1      | Found Feah's Armour Shoppe.
   448 | D:1      | Found Igerhulaf's Magic Scroll Shop.
   451 | D:1      | Bought a scroll of identify for 24 gold pieces
   719 | D:1      | Found Haluw's Distillery.
   727 | D:1      | Bought a potion of degeneration for 13 gold pieces
  1062 | D:2      | Reached skill level 4 in Fighting
  1062 | D:2      | Reached XP level 3. HP: 24/24 MP: 3/3
  1072 | D:2      | Identified the +10 falchion of Objectivity {drain, rC+
                  | rCorr}
  1417 | D:3      | Reached XP level 4. HP: 30/30 MP: 4/4
  1674 | D:3      | Reached XP level 5. HP: 34/34 MP: 5/5
  1688 | D:3      | Reached skill level 5 in Fighting
  1795 | D:3      | Noticed Ijyb
  1802 | D:3      | Killed Ijyb
  1958 | D:3      | Noticed Pargi
  1966 | D:3      | Killed Pargi
  1967 | D:3      | Reached XP level 6. HP: 40/41 MP: 6/6
  2203 | D:4      | Noticed a black bear
  2207 | D:4      | Killed a black bear
  2217 | D:4      | Noticed a steam dragon
  2228 | D:4      | HP: 1/41 [steam dragon] (18)]
  2228 | D:4      | Slain by a hound

Illustrated notes

Levels and vault maps discovered:
D:1:      lemuel_arrival_broad_hall, layout_basic, serial_shops, shop,
          nicolae_shop_statue_plus, nicolae_shop_behind_doors,
          nicolae_shop_hallway_plus, shop, dreamdust_ecumenical_altar_grove,
          chequers_serial_rivers_small_b, dreamdust_princess_corridor,
          minmay_tetromino_i2
D:2:      layout_rooms, cheibrodos_gnoll_hut
D:3:      layout_basic, uniq_ijyb, uniq_pargi
D:4:      layout_layer_cave, lightli_temple_of_fire,
          cheibrodos_ashenzari_chains, nicolae_elevator_lobby_asterisk

Skill      XL: |  1  2  3  4  5  6 |
---------------+-------------------+-----
Fighting       | 4 5 |  5.9
Maces & Flails | 3 4 |  4.8
Armour         | 4 |  4.2
Shields        | |  3.2

Action                   |  1- 3 |  4- 6 || total
-------------------------+-------+-------++-------
Melee: Flail             |    74 |       ||    74
       Falchion          |    21 |    40 ||    61
Throw: Dart              |     4 |       ||     4
  Use: Scroll            |     4 |     7 ||    11
       Potion            |       |     1 ||     1
Armor: Scale mail        |    58 |    15 ||    73
       Troll leather arm |       |    11 ||    11
Dodge: Dodged            |    63 |    25 ||    88
Block: Buckler           |    25 |    12 ||    37

Table legend: (Time is in decaauts)
 A = Elapsed time spent in this place.
 B = Non-inter-level travel time spent in this place.
 C = Inter-level travel time spent in this place.
 D = Time resting spent in this place.
 E = Time spent auto-exploring this place.
 F = Levels seen in this place.
 G = Mean time per level.
                   A        B        C        D        E       F      G
               +--------+--------+--------+--------+--------+-----+--------+
         Total |   2271 |   2214 |     57 |     94 |   1714 |   4 |  567.8 |
       Dungeon |   2271 |   2214 |     57 |     94 |   1714 |   4 |  567.8 |
               +--------+--------+--------+--------+--------+-----+--------+

Top non-repeatable levels by time:
     D:1: 1003 daAuts
     D:3: 831 daAuts
     D:2: 409 daAuts
     D:4: 26 daAuts
